cohdb
Replays
Latest Replays
All Replays
Popular Replays
Top Player Replays
Match Explorer
How It Works
Community
CoH3 Stats
Reddit
Sign in to upload your games and track your stats! →
Sign in with Steam
Match 41195395
Unlisted
Match 41195395
Overview
Messages
Build Orders
End
Construct Infanterie Kompanie
Selects Breakthrough Battlegroup
Selects Assault Grenadiers
Grenadier Squad
Grenadier Squad
MG 42 Machine Gun Team
Construct Luftwaffe Kompanie
Construct Panzergrenadier Kompanie
Panzergrenadier Squad
Panzergrenadier Squad
Selects Smoke Bombing Run
Selects Rapid Production
Infanterie Officer Quarters
Panzergrenadier Officer Quarters
Medical Station
Support Elements
Wirbelwind Flakpanzer
Side Skirts
Selects Blitzkrieg
Selects Mechanized Assault Group
Selects Blitzkrieg
Luftwaffe Officer Quarters
Pioneer Squad
Pioneer Squad
Husar
LeMon
Zdzichu
engomranriseup
wysokiniak
Remar
ColDiam
tillre
0
0
Comments
sign in to comment!
No comments posted yet!